Map: Port Aleksander LE

Players

Bly - Winner!

  • Race: Zerg Zerg
  • Spawn Location: 11:00

HateMe

  • Race: Zerg Zerg
  • Spawn Location: 5:00

Event: 2019 WCS Spring

VOD

Have the link to the VOD?

Description

Time

  • Played on: May 17, 2019, 10:01 a.m.
  • Length: 24:09

All games in this series

Show
View Real Time Build Order
Export as new Build Order

Bly Zerg - Winner!

Build Orders: Hatch First 

Get SALT Encoding   

  12  0:01  Drone  
  13  0:13  Overlord  
  13  0:23  Drone  
  14  0:33  Drone  
  14  0:34  Drone  
  16  0:50  Hatchery  
  16  0:54  Drone  
  16  0:58  Drone  
  16  1:00  Drone  
  18  1:12  Extractor  
  18  1:16  Spawning Pool  
  16  1:19  Drone  
  16  1:23  Drone  
  18  1:28  Drone  
  19  1:39  Drone  
  20  1:49  Overlord  
  20  2:03  Queen x2  
  20  2:04  Zergling x4  
  26  2:14  Drone  
  26  2:15  Drone  
  29  2:22  Drone  
  29  2:26  Drone  
  30  2:32  Drone  
  30  2:34  Drone  
  32  2:39  Queen  
  32  2:40  Lair  
  34  2:45  Drone  
  34  2:46  Overlord  
  35  2:54  Drone  
  36  3:04  Overlord  
  36  3:06  Extractor  
  35  3:18  Drone x3  
  36  3:25  Roach Warren  
  35  3:29  Evolution Chamber  
  35  3:30  Drone x6  
  35  3:31  Evolution Chamber  
  39  3:35  Extractor  
  39  3:38  Drone  
  39  3:45  Spire  
  38  3:49  Drone x2  
  38  3:55  Zerg Missile Weapons Level 1  
  41  3:56  Drone x2  
  41  4:02  Drone x2  
  45  4:04  Extractor  
  45  4:08  Drone x3  
  47  4:11  Drone  
  47  4:16  Overlord  
  48  4:20  Drone  
  49  4:25  Overseer  
  49  4:30  Drone x3, Overlord  
  52  4:37  Overlord  
  52  4:43  Glial Reconstitution  
  52  4:52  Roach x5  
  62  4:58  Evolution Chamber  
  62  4:59  Evolution Chamber  
  56  5:15  Overseer  
  58  5:24  Mutalisk x5  
  68  5:37  Hatchery  
  67  5:46  Queen, Mutalisk x3  
  67  5:48  Overlord x3  
  75  5:58  Overlord  
  75  6:19  Mutalisk x3  
  81  6:25  Overseer  
  81  6:33  Overlord x2  
  81  6:36  Roach x5  
  89  6:45  Spine Crawler x2  
  89  6:47  Spine Crawler  
  86  6:49  Roach x3  
  92  7:08  Drone x4  
  96  7:29  Drone x7  
  103  7:32  Zerg Missile Weapons Level 2  
  103  7:33  Extractor  
  103  7:34  Extractor  
  101  7:40  Overlord  
  101  7:43  Overseer  
  101  7:47  Drone x9  
  101  7:50  Hatchery, Mutalisk  
  111  7:52  Zerg Flyer Weapons Level 1  
  111  7:56  Overseer  
  111  7:58  Mutalisk  
  111  7:59  Mutalisk x2  
  117  8:11  Roach  
  117  8:12  Roach x6  
  131  8:15  Overlord  
  105  8:35  Drone x6  
  105  8:38  Queen  
  113  8:46  Mutalisk x5  
  123  8:53  Mutalisk x3  
  123  8:58  Extractor  
  123  9:00  Extractor  
  115  9:11  Mutalisk x3  
  121  9:21  Roach x8  
  121  9:22  Overlord  
  137  9:25  Overseer  
  137  9:33  Overlord  
  137  9:40  Drone x2  
  137  9:41  Nydus Network  
  140  9:53  Roach x15  
  166  10:09  Roach  
  166  10:10  Overlord x6  
  168  10:21  Nydus Canal  
  168  10:35  Roach x11  
  188  10:49  Nydus Canal  
  158  11:00  Roach x12  
  170  11:10  Roach  
  132  11:25  Nydus Canal  
  132  11:31  Mutalisk x10  
  152  11:33  Zerg Flyer Weapons Level 2  
  130  11:58  Hydralisk Den, Zerg Ground Armor Level 1  
  130  12:00  Roach x10  
  149  12:03  Nydus Canal  
  149  12:04  Overseer  
  149  12:11  Roach x4  
  153  12:38  Overseer  
  153  12:39  Roach x13  
  179  12:46  Ravager x11  
  190  12:52  Overseer  
  190  13:00  Infestation Pit  
  187  13:25  Roach x6  
  195  13:40  Roach x2  
  199  13:42  Hive  
  174  14:05  Nydus Canal  
  172  14:12  Roach x17  
  172  14:13  Overseer x4  
  192  14:35  Pneumatized Carapace  
  192  14:36  Overseer  
  192  14:37  Overseer x2  
  192  14:41  Nydus Canal  
  192  14:50  Overseer  
  192  14:53  Overseer x3  
  192  14:57  Viper x2, Greater Spire  
  198  15:01  Nydus Canal  
  198  15:12  Nydus Canal  
  190  15:27  Nydus Canal  
  188  15:41  Nydus Canal  
  182  15:52  Ravager x6  
  188  15:57  Muscular Augments  
  188  15:59  Lurker Den  
  188  16:02  Hatchery  
  180  16:15  Corruptor x10  
  194  16:33  Nydus Canal  
  170  17:03  Swarm Host  
  170  17:04  Roach x11  
  184  17:10  Brood Lord  
  184  17:11  Brood Lord x6  
  184  17:12  Brood Lord  
  200  17:24  Overlord x2  
  198  17:34  Nydus Canal  
  176  18:08  Roach x12  
  200  18:33  Hydralisk  
  200  18:34  Hydralisk  
  194  18:35  Grooved Spines  
  194  18:36  Zerg Flyer Weapons Level 3  
  194  18:38  Adaptive Talons  
  194  18:42  Overseer  
  183  18:49  Ravager x2  
  183  18:51  Zergling x18  
  183  18:54  Nydus Canal  
  182  19:08  Nydus Canal  
  182  19:13  Hatchery  
  182  19:14  Hatchery  
  178  19:21  Hatchery x2  
  178  19:22  Nydus Canal  
  174  19:32  Hydralisk x3  
  174  19:33  Zergling x12  
  186  19:41  Nydus Canal  
  161  19:59  Hydralisk x2  
  141  20:15  Roach x3  
  141  20:19  Drone x6  
  149  20:28  Extractor  
  141  20:29  Extractor  
  141  20:34  Extractor  
  135  20:35  Extractor  
  135  20:41  Drone  
  133  20:48  Hydralisk x3  
  137  21:03  Drone x3  
  140  21:07  Drone x3  
  137  21:13  Zerg Flyer Armor Level 1  
  137  21:14  Nydus Canal  
  137  21:30  Drone x2  
  135  21:36  Roach x11  
  135  21:37  Ravager x3  
  160  21:42  Nydus Canal  
  160  21:50  Lurker  
  156  22:00  Viper  
  149  22:22  Nydus Canal  
  145  22:26  Drone  
  145  22:27  Drone x2  
  148  22:36  Nydus Canal  
  148  22:50  Hydralisk x3  
  146  22:55  Hatchery  
  130  23:04  Ravager x2  
  130  23:05  Ravager  
  127  23:07  Overseer  
  127  23:09  Nydus Canal  
  127  23:16  Hydralisk  
  127  23:17  Hydralisk x3  
  135  23:20  Ravager  
Show
View Real Time Build Order
Export as new Build Order

HateMe Zerg 

Build Orders: Hatch First, Lurkers 

Get SALT Encoding   

  12  0:00  Drone  
  13  0:12  Overlord  
  13  0:20  Drone  
  14  0:31  Drone x2  
  16  0:49  Hatchery  
  15  0:52  Drone  
  16  1:07  Spawning Pool  
  16  1:10  Drone  
  16  1:14  Drone  
  17  1:21  Drone  
  17  1:22  Drone  
  19  1:29  Extractor  
  18  1:38  Drone  
  19  1:45  Overlord  
  19  1:54  Queen  
  19  1:55  Zergling x2  
  19  2:01  Queen  
  22  2:02  Drone  
  22  2:06  Drone  
  26  2:13  Drone  
  27  2:16  Drone  
  28  2:24  Drone  
  29  2:31  Zergling x2  
  29  2:33  Metabolic Boost  
  30  2:40  Hatchery  
  30  2:43  Zergling x2  
  30  2:47  Drone  
  30  2:48  Drone  
  30  2:50  Drone  
  33  2:56  Drone  
  34  2:58  Drone  
  35  3:06  Overlord  
  35  3:11  Drone  
  36  3:17  Overlord  
  35  3:22  Evolution Chamber  
  35  3:25  Drone x5  
  39  3:29  Overlord  
  39  3:36  Roach Warren  
  39  3:39  Drone x2  
  40  3:49  Zerg Missile Weapons Level 1  
  40  3:55  Drone  
  41  3:56  Overlord  
  41  3:57  Drone  
  41  3:58  Drone x3  
  41  4:00  Extractor, Overlord  
  44  4:03  Zergling x4  
  44  4:08  Zergling x4  
  48  4:14  Zergling x4  
  48  4:16  Overlord  
  50  4:17  Zergling x4  
  52  4:29  Lair  
  52  4:32  Drone x4  
  52  4:33  Queen  
  52  4:38  Extractor  
  57  4:50  Roach x6  
  67  5:02  Queen  
  67  5:09  Queen  
  67  5:12  Roach x4  
  76  5:17  Roach x3  
  76  5:21  Roach  
  81  5:28  Overseer  
  81  5:31  Overlord  
  81  5:32  Roach  
  81  5:33  Roach x2  
  87  5:37  Queen  
  89  5:49  Queen  
  91  5:56  Zerg Missile Weapons Level 2  
  92  5:57  Drone  
  92  6:03  Spore Crawler x2  
  92  6:04  Spore Crawler  
  89  6:10  Overlord x2  
  89  6:12  Spore Crawler  
  89  6:13  Queen  
  90  6:23  Drone x6  
  90  6:27  Drone  
  90  6:31  Drone x3  
  93  6:43  Roach x4  
  101  6:57  Roach x6  
  113  7:03  Overlord  
  113  7:04  Overlord  
  113  7:23  Roach x4  
  113  7:28  Queen  
  121  7:30  Queen  
  121  7:36  Drone  
  122  7:37  Overlord x2  
  122  7:43  Spore Crawler  
  121  7:45  Drone  
  121  7:47  Overlord  
  121  7:48  Spore Crawler  
  121  7:50  Hydralisk Den  
  120  7:53  Spore Crawler  
  120  7:56  Drone x4  
  123  7:59  Drone x2  
  123  8:03  Drone x2  
  127  8:15  Roach x5  
  133  8:32  Drone  
  133  8:33  Drone x6  
  140  8:36  Overseer  
  140  8:38  Zerg Ground Armor Level 1  
  140  8:40  Extractor, Roach Warren  
  138  8:43  Queen  
  138  8:44  Queen  
  142  8:51  Hydralisk  
  142  8:52  Hydralisk x3  
  146  9:02  Spore Crawler  
  146  9:03  Overlord x2  
  146  9:04  Overlord  
  146  9:08  Spore Crawler  
  144  9:11  Spore Crawler x2  
  144  9:12  Overlord  
  140  9:17  Drone x5  
  145  9:27  Lurker Den  
  144  9:34  Hydralisk x4  
  152  9:42  Muscular Augments  
  152  9:43  Spore Crawler  
  152  9:44  Extractor  
  150  9:45  Extractor  
  150  9:48  Drone x5  
  154  9:58  Spore Crawler  
  153  10:02  Hydralisk x5  
  153  10:06  Overseer  
  163  10:10  Drone x2  
  165  10:16  Overlord x2, Hydralisk  
  165  10:17  Hydralisk  
  167  10:34  Extractor, Drone x3  
  165  10:36  Drone  
  165  10:38  Spore Crawler  
  157  10:53  Grooved Spines  
  149  10:59  Hydralisk x10  
  169  11:06  Drone x2  
  167  11:16  Hydralisk x3  
  165  11:24  Hydralisk x2  
  159  11:29  Lurker x3  
  162  11:33  Drone x3  
  162  11:35  Spore Crawler  
  160  11:50  Hydralisk  
  160  11:51  Hydralisk x3  
  160  11:59  Drone  
  160  12:00  Infestation Pit  
  160  12:01  Queen x2  
  160  12:05  Overlord x2  
  160  12:07  Hydralisk x3  
  170  12:12  Spore Crawler  
  169  12:22  Hydralisk x4  
  177  12:30  Spore Crawler  
  177  12:32  Spore Crawler  
  177  12:34  Zerg Ground Armor Level 2  
  175  12:39  Spore Crawler  
  175  12:43  Hive  
  174  12:47  Lurker x2  
  174  12:50  Lurker  
  175  13:02  Lurker  
  175  13:04  Drone x3  
  175  13:05  Extractor  
  178  13:06  Overlord x2  
  172  13:15  Overlord x2  
  172  13:20  Roach Warren  
  171  13:29  Hydralisk x5  
  177  13:41  Hydralisk x3  
  163  13:58  Viper x2  
  163  14:02  Viper  
  171  14:10  Spore Crawler  
  171  14:17  Adaptive Talons  
  166  14:28  Viper  
  169  14:50  Zerg Missile Weapons Level 3  
  183  14:52  Roach  
  183  14:53  Roach x9  
  186  15:15  Lurker x3  
  189  15:25  Lurker x2  
  191  15:32  Drone x3  
  194  15:39  Spore Crawler  
  194  15:40  Spore Crawler  
  185  15:51  Overseer  
  184  16:01  Roach x8  
  184  16:02  Roach  
  198  16:15  Drone  
  198  16:16  Drone  
  200  16:19  Hatchery  
  171  16:48  Roach x9  
  171  16:52  Hatchery  
  188  17:00  Roach  
  188  17:01  Roach x2  
  172  17:13  Hydralisk  
  172  17:14  Hydralisk x2  
  178  17:18  Glial Reconstitution  
  178  17:21  Overlord  
  178  17:22  Drone x2  
  180  17:28  Lurker x4  
  180  17:29  Lurker x4  
  174  17:33  Hydralisk  
  174  17:34  Drone x2  
  178  17:43  Overseer  
  174  17:56  Roach x3  
  180  18:00  Hatchery  
  163  18:16  Viper  
  160  18:26  Viper  
  161  18:37  Drone x8  
  169  18:49  Hydralisk x2  
  163  19:24  Drone x7  
  170  19:33  Extractor  
  154  20:04  Hydralisk x5  
  154  20:05  Hydralisk  
  134  20:43  Hatchery  
  125  21:04  Hatchery  
  119  21:19  Drone x4  
  111  21:39  Drone x3  
  114  21:44  Drone  
  115  21:57  Drone x2  
  117  22:04  Drone  
  87  22:56  Hydralisk x2  
  80  23:05  Lurker x3  
  82  23:06  Lurker x4  
  82  23:12  Drone x6  
  93  23:20  Hydralisk  
  91  23:30  Hydralisk  
Tags
 
Add a new tag
Caveats
  • Supply blocks, unpowered buildings, or Contaminate may cause inaccurate times.
  • Supply counts are checked every 10 seconds.